 Dungeon Sprint DCSS version 0.16-a0-2934-g71f8417 (webtiles) character file.

800000 Kemay the Spry (level 11, -2/90 HPs)
             Began as a Demonspawn Gladiator on Dec 3, 2014.
             Was an Initiate of Makhleb.
             Slain by a meat berserker
             ... wielding a +9 battleaxe
              (47 damage)
             ... in the Dungeon (Sprint VIII: "Arena of Blood").
             The game lasted 00:00:32 (8 turns).

Kemay the Spry (Demonspawn Gladiator)                  Turns: 8, Time: 00:00:33

Health: -2/90      AC:  4    Str: 15    XL:     11   Next: 37%
Magic:  11/11      EV: 23    Int: 10    God:    Makhleb [......]
Gold:   0          SH:  0    Dex: 17    Spells: 0 memorised, 10 levels left

rFire  . . .     SeeInvis .     k - +∞ Axe of Woe
rCold  . . .     Clarity  .     b - +0 leather armour
rNeg   . . .     SustAb   .     (no shield)
rPois  .         Gourm    .     (helmet restricted)
rElec  .         Spirit   .     (no cloak)
rCorr  .         Warding  .     (no gloves)
rMut   .         NoTele   +     (no boots)
MR     .....                    (no amulet)
Stlth  ++........               (no ring)
                                (no ring)

@: not resistant to hostile enchantments, unstealthy
A: horns 2, molten scales 1, nightstalker 1, powered by death 1
a: Renounce Religion


You were in the Dungeon.
You worshipped Makhleb.
Makhleb was noncommittal.
You were not hungry.

You visited 1 branch

Inventory:

Hand weapons
 k - the +∞ Axe of Woe (weapon)
   (You found it in the Dungeon)
Missiles
 d - 3 throwing nets (quivered)
Armour
 b - a +0 leather armour (worn)
 c - a +0 helmet
Scrolls
 j - a scroll of blinking
Potions
 e - a potion of curing
 f - a potion of heal wounds
 g - a potion of haste
 h - 2 potions of magic
 i - a potion of berserk rage
Comestibles
 a - a bread ration


   Skills:
 + Level 9.9 Fighting
 + Level 9.1 Throwing
 + Level 15.8 Dodging
 + Level 15.8 Unarmed Combat


You had 10 spell levels left.
You didn't know any spells.

Dungeon Overview and Level Annotations

Branches:
Dungeon (1/1)

Altars:
Makhleb


Innate Abilities, Weirdness & Mutations

You have a pair of horns on your head.
You are partially covered in molten scales (AC +1).
You are slightly more attuned to the shadows.
You can steal the life force of nearby defeated enemies.


Message History

Your demonic ancestry asserts itself...
You slip into the darkness of the dungeon.
You have reached level 8!
You feel agile.
You have reached level 9!
Your experience leads to an increase in your attributes!
Increase (S)trength, (I)ntelligence, or (D)exterity?
You feel agile.
You have reached level 10!
Your demonic ancestry asserts itself...
Molten scales grow over part of your body.
You have reached level 11!
Your demonic ancestry asserts itself...
A wave of death washes over you.
You hear a shout! x15
The bag of meat moves out of view.
You hear a shout!
The meat berserker hits you with a +9 battleaxe!!!
Ouch! That really hurt!
You die...

... ..... ..
#... .# #...
..# ..###...
..###.
...o..###......
....._......
#.....# #_.@)_#
#..O..#
O...._......
......###......
..###... ..###.
#... o.# #...
.# ..... .. ...


You could see 2 meat berserkers and 2 bags of meat.

Vanquished Creatures
  An ogre (D)
1 creature vanquished.

Notes
Turn   | Place    | Note
--------------------------------------------------------------
     0 | D        | Kemay, the Demonspawn Gladiator, began the quest for the Orb.
     0 | D        | Reached XP level 1. HP: 16/16 MP: 1/1
     2 | D        | Noticed a bag of meat
     3 | D        | Became a worshipper of Makhleb the Destroyer
     6 | D        | Noticed a bag of meat
     7 | D        | Noticed a meat berserker
     8 | D        | Noticed a bag of meat
     8 | D        | Noticed a meat berserker
     8 | D        | Noticed a meat berserker
     8 | D        | Killed a meat berserker
     8 | D        | Reached skill level 9 in Fighting
     8 | D        | Reached skill level 15 in Dodging
     8 | D        | Reached skill level 15 in Unarmed Combat
     8 | D        | Gained mutation: You have a pair of small horns on your head. [demonic ancestry]
     8 | D        | Reached XP level 2. HP: 20/35 MP: 2/2
     8 | D        | Reached XP level 3. HP: 23/41 MP: 3/3
     8 | D        | Reached XP level 4. HP: 26/47 MP: 4/4
     8 | D        | Gained mutation: You have a pair of horns on your head. [demonic ancestry]
     8 | D        | Reached XP level 5. HP: 29/53 MP: 5/5
     8 | D        | Reached XP level 6. HP: 32/60 MP: 6/6
     8 | D        | Gained mutation: You are slightly more attuned to the shadows. [demonic ancestry]
     8 | D        | Reached XP level 7. HP: 34/65 MP: 7/7
     8 | D        | Reached XP level 8. HP: 37/72 MP: 8/8
     8 | D        | Reached XP level 9. HP: 40/78 MP: 9/9
     8 | D        | Gained mutation: You are partially covered in molten scales (AC +1). [demonic ancestry]
     8 | D        | Reached XP level 10. HP: 43/85 MP: 10/10
     8 | D        | Gained mutation: You can steal the life force of nearby defeated enemies. [demonic ancestry]
     8 | D        | Reached XP level 11. HP: 45/90 MP: 11/11
     8 | D        | Slain by a meat berserker

Action                   |  1- 3 |  4- 6 |  7- 9 | 10-12 || total
-------------------------+-------+-------+-------+-------++-------
Melee: Executioner's axe |     1 |       |       |       ||     1
